 Dungeon Crawl Stone Soup version 0.30.1-3-gfc49f6343a (webtiles) character file.

Game seed: 11943242743043902938

0 sampeng1 the Cudgeller (level 1, 0/19 HPs)
             Began as a Meteoran Cinder Acolyte on July 28, 2023.
             Was a High Priest of Ignis.
             Slain by a jackal (1 damage)
             ... on level 1 of the Dungeon.
             The game lasted 00:00:43 (51 turns).

sampeng1 the Cudgeller (Meteoran Cinder Acolyte)      Turns: 51, Time: 00:00:44

Health: 0/19       AC:  2    Str: 15    XL:     1   Next: 14%
Magic:  3/3        EV: 11    Int: 15    God:    Ignis [*****.]
Gold:   14         SH:  0    Dex:  9    Spells: 2/2 levels left

rFire   + . .        a - -1 mace (flame)
rCold   . . .        (no shield)
rNeg    . . .        b - +0 robe
rPois   .            (no helmet)
rElec   .            (no cloak)
rCorr   .            (no gloves)
SInv    .            (no boots)
Will    .....        (no amulet)
Stlth   +            (no ring)
HPRegen 0.23/turn    (no ring)
MPRegen 0.08/turn

%: no passive effects
@: glowing
A: sense surroundings 1, otherworldly, glowing, explore regen
a: Renounce Religion, Fiery Armour, Foxfire Swarm, Rising Flame


You were on level 1 of the Dungeon.
You worshipped Ignis.
Ignis was extremely pleased with you.
You visited 1 branch of the dungeon, and saw 1 of its levels.

You collected 14 gold pieces.

Inventory:

Hand Weapons
 a - a -1 mace of flaming (weapon)
Armour
 b - a +0 robe (worn)
Scrolls
 c - a scroll of amnesia {unknown}


   Skills:
 + Level 3.3 Fighting
 + Level 4.0 Maces & Flails
 + Level 1.3 Spellcasting
 + Level 3.6 Fire Magic


You had 2 spell levels left.
You didn't know any spells.
Your spell library contained the following spells:

 Spells                   Type           Power      Damage    Failure   Level
 Scorch                   Fire           24%        2d6       8%          2


Dungeon Overview and Level Annotations

Branches:
Dungeon (1/15) Zot: 546

Altars:


Innate Abilities, Weirdness & Mutations

You passively map a small area around you.
You are easily found by Zot.
You glow in the dark.
You regain HP and MP as you explore.


Message History

You see here 10 gold pieces.
You hit the rat but do no damage. The rat bites you.
You hit the rat. You burn the rat.
You kill the rat!
You see here a rat corpse.
You see here a rat corpse.
You now have 14 gold pieces (gained 10).
You see here a rat corpse.
A jackal comes into view.
The jackal barks!
You hear a bark!
A jackal comes into view. x2
The jackal barks!
A jackal comes into view.
The jackal barks!
The jackal bites you but does no damage.
You barely miss the jackal. The jackal barely misses you.
The jackal bites you. x3
The jackal misses you.
You hit the jackal. You burn the jackal.
The jackal is heavily wounded.
The jackal barely misses you. The jackal closely misses you.
The jackal barely misses you.
The jackal bites you but does no damage.
You barely miss the jackal.
The jackal is heavily wounded.
The jackal bites you. The jackal completely misses you.
The jackal bites you. x3
You completely miss the jackal.
The jackal is heavily wounded.
The jackal bites you.
* * * LOW HITPOINT WARNING * * *
The jackal barely misses you. The jackal bites you.
* * * LOW HITPOINT WARNING * * *
The jackal stops to sniff the ground.
The jackal bites you.
* * * LOW HITPOINT WARNING * * *
The jackal barely misses you. The jackal bites you.
* * * LOW HITPOINT WARNING * * *
The jackal bites you.
* * * LOW HITPOINT WARNING * * *
The jackal bites you.
You die...

## *, .## .## ###..##
#..,> , ..###.....# #.# *
* .......## , #.#
.....<..#* , #.# , *
.......## , #$# .#####.#
,, #.# , .# #.# #######.#
* ## ##.#*.......@# *, ##
##..######..hh####.### .#
#....## #...hh....... .#
#..##.# #............
.###.###.####.##########.
..............# ,
###...##.###### *
*#.#.##.# ###+#### *


You could see 4 jackals.

Vanquished Creatures
  A rat (D:1)
1 creature vanquished.

Notes
Turn   | Place    | Note
-------+----------+-------------------------------------------
     0 | D:1      | sampeng1 the Meteoran Cinder Acolyte began the quest for
                  | the Orb.
     0 | D:1      | Reached XP level 1. HP: 19/19 MP: 3/3
    51 | D:1      | Slain by a jackal

Illustrated notes

Levels and vault maps discovered:
D:1:      dpeg_arrival_arbitrary_b, layout_loops_ring, serial_shops,
          nicolae_shop_hallway_plus, chequers_arboretum

Action                     || total
---------------------------++-------
  Melee: Mace              ||     6
 Armour: Robe              ||     3
  Dodge: Dodged            ||     8
